 Dungeon Crawl Stone Soup version 0.32-a0-961-gd60f5e5fc7 (webtiles) character file.

Game seed: 16481090885266339647

42686 Daunt the Spear-Bearer (level 14, -3/104 HPs)
             Began as a Merfolk Ice Elementalist on Apr 17, 2024.
             Was a High Priest of Vehumet.
             Constricted to death by an anaconda simulacrum (4 damage)
             ... in an ice cave on Apr 18, 2024.
             The game lasted 02:22:45 (16399 turns).

Daunt the Spear-Bearer (Merfolk Ice Elementalist)  Turns: 16399, Time: 02:22:46

Health: -3/104     AC: 18    Str:  8    XL:     14   Next: 20%
Magic:  23/26      EV: 10    Int: 22    God:    Vehumet [*****.]
Gold:   941        SH:  0    Dex: 15    Spells: 9/29 levels left

rFire   + . .        K - +4 halberd (drain)
rCold   + . .        (shield currently unavailable)
rNeg    + + .        a - +2 leather armour {Will+}
rPois   +            p - +1 helmet of Love and Death {rN++}
rElec   +            (no cloak)
rCorr   +            R - +1 Delatra's gloves {ID++}
SInv    .            e - +0 pair of boots {Fly}
Will    +++..        J - amulet of regeneration
Stlth   ++++         f - ring of wizardry
HPRegen 1.17/turn    P - ring "Zoenuce" {Will+ EV+5 Int+3 Slay+3, =R}
MPRegen 0.20/turn

%: wizardry (x1)
@: mighty, ice-armoured, resistant, flying, constricted
A: (nimble swimmer 2), mertail
a: Renounce Religion


You were in an ice cave.
You worshipped Vehumet.
Vehumet was extremely pleased with you.
You visited 3 branches of the dungeon, and saw 16 of its levels.
You also visited: Sewer, Ossuary, Bailey, Gauntlet and Ice Cave.

You collected 968 gold pieces.
You spent 27 gold pieces at shops.

Inventory:

Hand Weapons
 K - a +4 halberd of draining (weapon)
Missiles
 c - 28 poisoned darts (quivered)
 h - 13 atropa-tipped darts
 D - 3 darts of dispersal
 E - 3 throwing nets
 Q - 2 curare-tipped darts
Armour
 a - a +2 leather armour of willpower (worn)
 d - a +1 chain mail of cold resistance
 e - a +0 pair of boots of flying (worn)
 p - the +1 helmet of Love and Death (worn) {rN++}
   (You found it in a Gauntlet)

   rN++:      It greatly protects you from negative energy.
 v - a +2 leather armour of fire resistance
 R - the +1 Delatra's gloves (worn) {ID++}
   (You found it on level 8 of the Dungeon)

   ID++:      It heals its wearer when they drink unknown potions, and restores
   their MP when they read unknown scrolls.
Magical Staves
 b - the staff "Amees" {rF+ rC+ Str+6 Fire}
   (You found it in a Gauntlet)

   [staff of fire]

   Base accuracy: +5 Base damage: 5 Base attack delay: 1.2 This weapon's minimum
   attack delay (0.6) is reached at skill level 12.
   Str+6:     It affects your strength (+6).
   rF+:       It protects you from fire.
   rC+:       It protects you from cold.
   Fire:      It increases the power of your Fire spells.
   It falls into the 'Staves' category.
   It is a one-handed weapon.
Jewellery
 f - a ring of wizardry (left hand)
 I - a ring of see invisible
 J - an amulet of regeneration (around neck)
 P - the ring "Zoenuce" (right hand) {Will+ EV+5 Int+3 Slay+3, =R}
   (You found it on level 8 of the Dungeon)

   [ring of evasion]

   EV+5:      It affects your evasion (+5).
   Int+3:     It affects your intelligence (+3).
   Slay+3:    It affects your accuracy & damage with ranged weapons and melee
   (+3).
   Will+:     It increases your willpower.
 Z - the ring of Igaor {rCorr Dex+6}
   (You found it on level 12 of the Dungeon)

   [ring of dexterity]

   Dex+6:     It affects your dexterity (+6).
   rCorr:     It protects you from acid and corrosion.
Wands
 M - a wand of digging (3)
 O - a wand of polymorph (9)
 T - a wand of charming (8)
 X - a wand of roots (4)
 Y - a wand of flame (11)
Scrolls
 g - a scroll of fog
 j - 5 scrolls of teleportation
 k - 2 scrolls of vulnerability
 l - 2 scrolls of amnesia
 m - a scroll of revelation
 H - 2 scrolls of fear {unknown}
 U - 3 scrolls of blinking {unknown}
 V - 2 scrolls of acquirement {unknown}
 W - 3 scrolls of immolation
Potions
 n - 7 potions of invisibility
 o - 2 potions of brilliance
 r - 11 potions of curing
 s - a potion of enlightenment
 t - a potion of heal wounds
 u - 4 potions of cancellation
 w - 2 potions of resistance
 z - 2 potions of attraction
 A - 4 potions of might
 B - 3 potions of magic
 C - 2 potions of lignification
 N - 6 potions of haste {unknown}
Miscellaneous
 q - a tin of tremorstones (2/2)
 L - a phantom mirror


   Skills:
 - Level 7.9 Fighting
 - Level 11.5 Polearms
 - Level 4.6 Armour
 - Level 9.6 Dodging
 - Level 8.3 Stealth
 - Level 8.0 Spellcasting
 - Level 7.7 Conjurations
 - Level 6.2 Summonings
 - Level 10.1 Ice Magic
 - Level 7.7 Air Magic
 + Level 0.7 Earth Magic
 - Level 3.0 Evocations


You had 9 spell levels left.
You knew the following spells:

 Your Spells              Type           Power      Damage    Failure   Level
e - Permafrost Eruption   Ice/Erth       16%        2x4d4     16%         6
f - Freezing Cloud        Conj/Ice/Air   23%        6-21      1%          5
i - Summon Ice Beast      Ice/Summ       44%        N/A       1%          3
o - Ozocubu's Armour      Ice            52%        N/A       1%          3
r - Frozen Ramparts       Ice            100%       1d16      1%          3

Your spell library contained the following spells:

 Spells                   Type           Power      Damage    Failure   Level
 Conjure Ball Lightning   Conj/Air       21%        3x3d6     7%          6
 Freeze                   Ice            100%       1d10      1%          1
 Ensorcelled Hibernation  Hex/Ice        62%        N/A       1%          2
 Inner Flame              Hex/Fire       8%         N/A       3%          3
 Slow                     Hex            32%        N/A       4%          1
 Irradiate                Conj/Alch      12%        3d15      6%          5
 Confusing Touch          Hex            8%         N/A       12%         3
 Fugue of the Fallen      Necr           8%         N/A       12%         3
 Vampiric Draining        Necr           8%         2d6       12%         3
 Metabolic Englaciation   Hex/Ice        15%        N/A       14%         5
 Silence                  Hex/Air        12%        N/A       22%         5
 Anguish                  Hex/Necr       4%         N/A       36%         4
 Passage of Golubria      Tloc           8%         N/A       36%         4
 Ignition                 Fire           4%         3d4       99%         8
 Lehudib's Crystal Spear  Conj/Erth      13%        10d5      99%         8
 Manifold Assault         Tloc           4%         N/A       100%        7


Dungeon Overview and Level Annotations

Branches:
Dungeon (12/15)            Temple (1/1) D:6            Lair (3/5) D:10
 Spider (0/4) Lair:2          Orc (0/2) D:11          Sewer (visited)
Ossuary (visited)          Bailey (visited)           IceCv (1/1)
Gauntlet (visited)
  Swamp: Lair:2-3    Shoals: Lair:2-3

Altars:
Ashenzari
Cheibriados
Dithmenos
Elyvilon
Fedhas
Gozag
Hepliaklqana
Kikubaaqudgha
Makhleb
Okawaru
Qazlal
Ru
Sif Muna
Trog
Uskayaw
Vehumet
Wu Jian
Xom
Yredelemnul
Zin
The Shining One

Shops:
D:1 (   D:2 (   D:11 *

Annotations:
D:4 1 runed translucent door, Crazy Yiuf
D:5 yak
D:6 1 runed translucent door, markshark's ghost, novice MiFi
D:8 2 transporters, exclusion: 2 electric eels, sirdedalot's ghost, novice DECj


Innate Abilities, Weirdness & Mutations

((You are very nimble when in or above water. (Stealth+, EV+, Speed+++)))
Your lower body shifts to a powerful aquatic tail in water.


Message History

* * * LOW HITPOINT WARNING * * *
The anaconda simulacrum constricts you.
The anaconda simulacrum barely misses you.
The anaconda simulacrum constricts you.
* * * LOW HITPOINT WARNING * * *
You feel much better.
The anaconda simulacrum closely misses you.
The anaconda simulacrum constricts you.
You closely miss the anaconda simulacrum.
The anaconda simulacrum is severely damaged.
The anaconda simulacrum barely misses you.
The anaconda simulacrum constricts you.
The anaconda simulacrum bites you but does no damage.
The anaconda simulacrum constricts you.
You closely miss the anaconda simulacrum.
The anaconda simulacrum is severely damaged.
The harpy simulacrum closely misses you.
The harpy simulacrum claws you but does no damage.
The anaconda simulacrum bites you but does no damage.
The anaconda simulacrum constricts you.
* * * LOW HITPOINT WARNING * * *
The harpy simulacrum claws you but does no damage.
The harpy simulacrum closely misses you.
You feel much better.
The harpy simulacrum claws you but does no damage.
The harpy simulacrum barely misses you. The anaconda simulacrum bites you.
The anaconda simulacrum freezes you! You resist.
The anaconda simulacrum constricts you.
* * * LOW HITPOINT WARNING * * *
The harpy simulacrum closely misses you.
The harpy simulacrum claws you.
* * * LOW HITPOINT WARNING * * *
The harpy simulacrum freezes you! You resist.
* * * LOW HITPOINT WARNING * * *
The anaconda simulacrum bites you.
* * * LOW HITPOINT WARNING * * *
The anaconda simulacrum freezes you! You resist.
* * * LOW HITPOINT WARNING * * *
The anaconda simulacrum constricts you.
You die...

# .# ###..#
#...⌠ ##...
#ZZ# #@.# ###
#.####.##
#(.#....#
##.§☼...##
#§§○###..##
##☼#####..##
#○#.###...#
##°..###..##
###
##.....###..#


You could see an anaconda simulacrum and a harpy simulacrum.

Vanquished Creatures
  Gastronok (D:12)
  A minotaur (Gauntlet)
  A great orb of eyes (Gauntlet)
  2 catoblepae
  3 two-headed ogres
  2 deep elf knights (D:12)
  A sixfirhy (Gauntlet)
  2 deep elf archers (D:12)
  9 deep elf zephyrmancers (D:12)
  2 manticores
  A lindwurm (Lair:3)
  An orc knight (Bailey)
  9 deep elf pyromancers (D:12)
  2 ugly things (Gauntlet)
  A cyclops (D:11)
  An ice statue (Gauntlet)
  A black mamba (Lair:2)
  An unseen horror (D:11)
  A cane toad (Lair:1)
  A kobold demonologist (D:12)
  3 rime drakes
  5 komodo dragons
  A hornet (D:9)
  2 trolls (D:10)
  5 blink frogs (Lair:1)
  Prince Ribbit (D:6)
  3 shadows
  2 wraiths
  56 yaks
  A vampire (D:10)
  4 wyverns
  Eustachio (D:6)
  A basilisk (D:10)
  3 steam dragons
  3 vampire mosquitoes (D:11)
  A harpy simulacrum (IceCv)
  3 water moccasins
  A sky beast (D:7)
  A swamp drake (D:10)
  An ice beast (D:7)
  5 orc warriors
  2 black bears
  An ogre (D:5)
  2 centaurs
  4 wolves (Lair:2)
  A phantom (D:6)
  4 kobold brigands
  Blork the orc (D:4)
  2 gnoll sergeants
  10 bullfrogs
  A cane toad simulacrum (IceCv)
  2 two-headed ogre simulacra (IceCv)
  4 scorpions
  3 water moccasin zombies (Ossuary)
  A burial acolyte (Ossuary)
  7 wights
  12 killer bees
  7 howler monkeys
  4 hounds
  A jelly (D:4)
  Terence (D:2)
  11 orc priests
  2 iguanas
  A sleepcap (D:8)
  A gnoll bouda (D:7)
  14 orc wizards
  A troll simulacrum (IceCv)
  2 spriggan simulacra (IceCv)
  A crocodile zombie (Ossuary)
  Robin (D:2)
  7 adders
  25 gnolls
  A naga simulacrum (IceCv)
  11 white imps
  2 ufetubi (Gauntlet)
  An adder zombie (Ossuary)
  2 dart slugs
  3 ribbon worms
  36 orcs
  5 bats
  An endoplasm (D:4)
  6 giant cockroaches
  6 gnoll zombies (Ossuary)
  18 goblins
  10 hobgoblins
  9 jackals
  6 quokkas
  8 ball pythons
  4 frilled lizards
  2 goblin zombies (D:5)
  A jackal zombie (Ossuary)
  17 kobolds
  An orc zombie (Ossuary)
  A rat (D:1)
433 creatures vanquished.

Vanquished Creatures (collateral kills)
  An ice beast (D:6)
  3 wights
  A killer bee (D:8)
  A howler monkey (D:10)
  A crocodile zombie (Ossuary)
  A bullfrog simulacrum (Ossuary)
  2 mummies (Ossuary)
  2 gnolls (Bailey)
  3 white imps (Lair:2)
  An adder zombie (Ossuary)
  3 orcs
  3 gnoll zombies (Ossuary)
  3 jackal zombies (Ossuary)
  An orc zombie (Ossuary)
26 creatures vanquished.

Vanquished Creatures (others)
  A wolf (Lair:2)
1 creature vanquished.

Grand Total: 460 creatures vanquished

Notes
Turn   | Place    | Note
-------+----------+-------------------------------------------
     0 | D:1      | Daunt the Merfolk Ice Elementalist began the quest for the
                  | Orb.
     0 | D:1      | Reached XP level 1. HP: 13/13 MP: 3/3
    99 | D:1      | Reached XP level 2. HP: 9/19 MP: 0/5
   244 | D:1      | Reached skill level 5 in Ice Magic
   355 | D:1      | Found Fil Dumyq's Weapon Boutique.
  1058 | D:2      | Noticed Terence
  1096 | D:1      | Reached XP level 3. HP: 24/24 MP: 2/6
  1374 | D:2      | Noticed Robin
  1408 | D:1      | Learned a level 3 spell: Ozocubu's Armour
  1525 | D:2      | You fall into a shaft and drop 2 floors!
  1681 | D:4      | Found a glowing drain.
  1747 | D:4      | Reached XP level 4. HP: 30/30 MP: 3/7
  1785 | Sewer    | Entered a sewer
  1792 | Sewer    | Noticed a crocodile
  2268 | D:3      | Found a faded altar of an unknown god.
  2673 | D:3      | Reached XP level 5. HP: 35/35 MP: 4/9
  3049 | D:2      | Killed Robin
  3265 | D:2      | Learned a level 3 spell: Frozen Ramparts
  3305 | D:2      | Killed Terence
  3414 | D:2      | Found Biog's Weapon Emporium.
  3550 | D:3      | Reached XP level 6. HP: 37/41 MP: 6/10
  4272 | D:4      | Noticed Blork the orc
  4295 | D:4      | Killed Blork the orc
  4296 | D:4      | Reached skill level 1 in Fighting
  4600 | D:4      | Reached XP level 7. HP: 50/50 MP: 7/13
  4782 | D:4      | Found a runed translucent door.
  4784 | D:4      | Noticed Crazy Yiuf
  5103 | D:5      | Entered Level 5 of the Dungeon
  5152 | D:5      | Reached skill level 5 in Spellcasting
  5238 | D:5      | Noticed a yak
  5382 | D:5      | Found a broken altar of Ashenzari.
  5469 | D:5      | Found a sand-covered staircase.
  5476 | Ossuary  | Entered an ossuary
  5506 | Ossuary  | Learned a level 3 spell: Summon Ice Beast
  5549 | Ossuary  | Reached skill level 1 in Summonings
  5771 | Ossuary  | Reached XP level 8. HP: 48/56 MP: 14/16
  6401 | D:5      | Noticed a yak
  6404 | D:5      | Noticed a yak
  6456 | D:4      | Killed a yak
  6457 | D:4      | Reached skill level 5 in Summonings
  6812 | D:6      | Found an opulent altar of Gozag.
  6975 | D:6      | Found a staircase to the Ecumenical Temple.
  6985 | Temple   | Entered the Ecumenical Temple
  7000 | Temple   | Became a worshipper of Vehumet
  7039 | D:6      | Found a runed translucent door.
  7042 | D:6      | Noticed markshark's ghost (novice MiFi)
  7056 | D:6      | Noticed Eustachio
  7063 | D:6      | Killed Eustachio
  7064 | D:6      | Reached XP level 9. HP: 56/63 MP: 10/17
  7152 | D:6      | Reached XP level 10. HP: 79/79 MP: 18/18
  7492 | D:6      | Found a bloodstained altar of Trog.
  7751 | D:7      | Noticed Prince Ribbit
  7751 | D:7      | Noticed a two-headed ogre
  7770 | D:7      | Found an ancient bone altar of Kikubaaqudgha.
  7869 | D:7      | Found a shimmering altar of Xom.
  7886 | D:7      | Found a flagged portal.
  7927 | D:6      | Killed Prince Ribbit
  7972 | Bailey   | Entered a bailey
  8099 | Bailey   | Reached * piety under Vehumet
  8099 | Bailey   | Offered knowledge of Shock by Vehumet.
  8193 | Bailey   | Noticed an orc knight
  8224 | Bailey   | Killed an orc knight
  8225 | Bailey   | Reached skill level 10 in Ice Magic
  8446 | D:7      | Noticed a cyclops
  8458 | D:7      | Reached skill level 1 in Polearms
  8460 | D:7      | Reached skill level 2 in Polearms
  8616 | D:7      | Reached skill level 3 in Polearms
  8838 | D:7      | Reached skill level 4 in Polearms
  8862 | D:7      | Found a glowing silver altar of Zin.
  9025 | D:8      | Found a blossoming altar of Fedhas.
  9038 | D:8      | Offered knowledge of Mercury Vapours by Vehumet.
  9041 | D:8      | Reached ** piety under Vehumet
  9045 | D:8      | Reached skill level 5 in Polearms
  9222 | D:8      | Reached skill level 1 in Evocations
  9233 | D:8      | Identified the ring "Zoenuce" {Will+ EV+5 Int+3 Slay+3}
  9338 | D:8      | Found a transporter.
  9345 | D:8      | Noticed sirdedalot's ghost (novice DECj)
  9350 | D:8      | Noticed a moth of wrath
  9403 | D:8      | Reached XP level 11. HP: 81/86 MP: 14/19
  9443 | D:8      | Found a stormy altar of Qazlal.
  9453 | D:8      | Found a transporter.
  9507 | D:8      | Reached skill level 6 in Polearms
  9649 | D:8      | Found the +1 Delatra's gloves {ID++}
  9857 | D:9      | Offered knowledge of Stone Arrow by Vehumet.
 10083 | D:9      | Reached *** piety under Vehumet
 10214 | D:9      | Reached skill level 7 in Polearms
 10237 | D:9      | Reached skill level 8 in Polearms
 10608 | D:9      | Offered knowledge of Volatile Blastmotes by Vehumet.
 10747 | D:9      | Found a snail-covered altar of Cheibriados.
 10837 | D:9      | Reached skill level 9 in Polearms
 11092 | D:10     | Entered Level 10 of the Dungeon
 11265 | D:10     | Reached skill level 10 in Polearms
 11276 | D:10     | Reached **** piety under Vehumet
 11371 | D:10     | Reached skill level 11 in Polearms
 11379 | D:10     | Offered knowledge of Freezing Cloud by Vehumet.
 11386 | D:10     | Learned a level 5 spell: Freezing Cloud
 11478 | D:10     | Reached skill level 1 in Conjurations
 11478 | D:10     | Reached skill level 1 in Air Magic
 11589 | D:10     | Noticed a two-headed ogre
 12199 | D:10     | Reached XP level 12. HP: 92/92 MP: 12/20
 12399 | D:10     | Found a staircase to the Lair.
 12461 | D:10     | Killed a two-headed ogre
 12524 | D:11     | Found Sydax's Assorted Antiques.
 12537 | D:11     | Noticed a two-headed ogre
 12544 | D:11     | Killed a two-headed ogre
 12663 | D:11     | Noticed a two-headed ogre
 12669 | D:11     | Killed a two-headed ogre
 12719 | D:11     | Bought a scroll labelled XIV ILOILEMUY for 27 gold pieces
 12732 | D:11     | Found a staircase to the Orcish Mines.
 13127 | D:11     | Reached skill level 5 in Conjurations
 13127 | D:11     | Reached skill level 5 in Air Magic
 13397 | D:12     | Noticed a deep elf knight
 13401 | D:12     | Killed a deep elf knight
 13402 | D:12     | Reached XP level 13. HP: 50/98 MP: 17/21
 13573 | D:12     | Noticed Gastronok
 13579 | D:12     | Killed Gastronok
 13805 | D:12     | Reached ***** piety under Vehumet
 13805 | D:12     | Offered knowledge of Permafrost Eruption by Vehumet.
 13814 | D:12     | Learned a level 6 spell: Permafrost Eruption
 13964 | D:12     | Identified the ring of Igaor {rCorr Dex+6}
 13966 | D:12     | Identified the +8 orcbow of Ufumo {freeze, Int+5}
 14413 | Lair:1   | Entered Level 1 of the Lair of Beasts
 14461 | Lair:1   | Reached skill level 1 in Armour
 15479 | Lair:2   | You fall into a shaft and drop 1 floor!
 15592 | Lair:2   | Found a frozen archway.
 15640 | Lair:2   | Reached XP level 14. HP: 100/104 MP: 21/25
 15695 | Lair:2   | Found a hole to the Spider Nest.
 15695 | Lair:2   | Found a gate leading to a gauntlet.
 15710 | Gauntlet | Entered a Gauntlet
 15710 | Gauntlet | Found a transporter.
 15710 | Gauntlet | Found a transporter.
 15711 | Gauntlet | Found a transporter.
 15714 | Gauntlet | Found a transporter.
 15714 | Gauntlet | Found a transporter.
 15715 | Gauntlet | Found a transporter.
 15726 | Gauntlet | Found a transporter.
 15726 | Gauntlet | Found a transporter.
 15728 | Gauntlet | Found a transporter.
 15728 | Gauntlet | Found a transporter.
 15739 | Gauntlet | Found a transporter.
 15743 | Gauntlet | Found a transporter.
 15852 | Gauntlet | Offered knowledge of Conjure Ball Lightning by Vehumet.
 15921 | Gauntlet | Identified the +1 helmet of Love and Death {rN++}
 16080 | Gauntlet | Identified the staff "Amees" {rF+ rC+ Str+6 Fire}
 16225 | IceCv    | Entered an ice cave
 16399 | IceCv    | HP: 1/104 [anaconda simulacrum (10)]
 16399 | IceCv    | Constricted to death by an anaconda simulacrum

Illustrated notes

Levels and vault maps discovered:
D:1:      ncdulo_watergridlock, layout_loops_corners, serial_shops, shop,
          dreamdust_princess_bridge, kennysheep_flooded_box
D:2:      layout_rooms, serial_shops, shop, uniq_terence, uniq_robin
D:3:      layout_basic, ebering_ecumenical_altar_ruins
D:4:      layout_loops_ring, gup_sewer_entry_pipe, uniq_blork_the_orc,
          uniq_crazy_yiuf_cottage
D:5:      layout_cave_pods, evilmike_ruin_ashenzari, enter_ossuary_4
D:6:      layout_loops_cross, grunt_gozag_breadcrumbs, general_overflow_altar,
          minmay_temple_entry_stoned_glass, ebering_ghost_reflecting_pool,
          minmay_misc_feat_doors, minivault_5, uniq_eustachio
D:7:      layout_cave_pools, nemelex_spade_bored_becter, xom_confusion_cloud,
          zin_academy, nicolae_overflow_crystal_walls, serial_shops, shop,
          enter_bailey_6, uniq_prince_ribbit1
D:8:      layout_cave_pools, grunt_temple_overflow_forces_of_nature,
          gammafunk_ghost_berserking_beasts, minivault_4
D:9:      layout_basic, lemuel_coloured_pillars_altar, hangedman_corner_corridor
D:10:     layout_rooms, erik_lair_dragon, hangedman_abyss_or_decor_stabs,
          grunt_ministairs_3
D:11:     layout_cave_pools, orc_0_dummy, serial_shops, shop
D:12:     minmay_elf_outpost, layout_loops_ring, uniq_gastronok
Temple:   nicolae_temple_ecumenical_triangle
Lair:1:   layout_concentric_octagons, minivault_24
Lair:2:   layout_cellular_growth, spider_nest_entry_rubble,
          portal_ice_cave_entry_imps, gauntlet_entry_generic,
          serial_bayou_lake_a
Lair:3:   layout_long_grid, elwin_shoals_entry_stream,
          chequers_serial_rivers_micro_c, nicolae_lair_lindhole, uniq_urug
IceCv:    ice_cave_caverns_02

Skill      XL: |  1  2  3  4  5  6  7  8  9 10 11 12 13 14 |
---------------+-------------------------------------------+-----
Ice Magic      | 5 6 7 9 10 | 10.1
Stealth        | 3 4 8 |  8.3
Spellcasting   | 3 4 5 7 8 |  8.0
Fighting       | 2 3 7 |  7.9
Summonings     | 3 6 |  6.2
Dodging        | 4 8 9 |  9.6
Polearms       | 5 11 | 11.5
Evocations     | 2 3 |  3.0
Conjurations   | 2 6 7 |  7.7
Air Magic      | 2 6 7 |  7.7
Armour         | 3 4 |  4.6
Earth Magic    | |  0.7

Action                     |  1- 3 |  4- 6 |  7- 9 | 10-12 | 13-15 || total
---------------------------+-------+-------+-------+-------+-------++-------
  Melee: Unarmed           |     6 |       |       |       |       ||     6
         Club              |     2 |    50 |       |       |       ||    52
         Falchion          |       |       |    63 |    25 |       ||    88
         Halberd           |       |       |       |   349 |   230 ||   579
         Tailslap          |       |       |       |       |     1 ||     1
   Fire: Sling             |       |     2 |    38 |       |       ||    40
  Throw: Stone             |     9 |     2 |       |     2 |       ||    13
         Dart              |       |     3 |       |    31 |    14 ||    48
   Cast: Freeze            |    51 |   112 |    37 |     9 |     1 ||   210
         Ozocubu's Armour  |       |     2 |     8 |    18 |     8 ||    36
         Frozen Ramparts   |       |     6 |    16 |    61 |    10 ||    93
         Summon Ice Beast  |       |       |    12 |    21 |     2 ||    35
         Freezing Cloud    |       |       |       |    12 |    30 ||    42
    Use: Potion            |     1 |       |     1 |     1 |     7 ||    10
         Scroll            |       |       |     5 |     6 |     7 ||    18
   Stab: Invisible         |       |     1 |       |       |       ||     1
         Sleeping          |       |       |     1 |    12 |     3 ||    16
         Distracted        |       |       |       |     5 |       ||     5
         Petrified         |       |       |       |       |     2 ||     2
 Armour: Robe              |    20 |    73 |    63 |    35 |       ||   191
         Steam dragon scal |       |       |       |    16 |       ||    16
         Leather armour    |       |       |       |    77 |   147 ||   224
  Dodge: Dodged            |    34 |    90 |    65 |   238 |   138 ||   565

Table legend: (Time is in decaauts)
 A = Elapsed time spent in this place.
 B = Non-inter-level travel time spent in this place.
 C = Inter-level travel time spent in this place.
 D = Time resting spent in this place.
 E = Time spent auto-exploring this place.
 F = Levels seen in this place.
 G = Mean time per level.
                   A        B        C        D        E       F      G
               +--------+--------+--------+--------+--------+-----+--------+
         Total |  16464 |  15331 |   1133 |   1299 |   8081 |  21 |  784.0 |
       Dungeon |  13349 |  12312 |   1037 |    818 |   7236 |  12 | 1112.4 |
        Temple |     22 |     22 |      0 |      0 |      0 |   1 |   22.0 |
          Lair |   1410 |   1315 |     95 |      5 |    663 |   3 |  470.0 |
         Sewer |     14 |     14 |      0 |      0 |      0 |   1 |   14.0 |
       Ossuary |    637 |    637 |      0 |    393 |     20 |   1 |  637.0 |
        Bailey |    473 |    473 |      0 |     34 |    162 |   1 |  473.0 |
      Ice Cave |    171 |    171 |      0 |     28 |      0 |   1 |  171.0 |
      Gauntlet |    384 |    384 |      0 |     21 |      0 |   1 |  384.0 |
               +--------+--------+--------+--------+--------+-----+--------+

Top non-repeatable levels by time:
     D:4: 1585 daAuts
     D:3: 1418 daAuts
    D:10: 1398 daAuts
     D:9: 1313 daAuts
     D:6: 1237 daAuts
     D:1: 1227 daAuts
    D:12: 1109 daAuts
  Lair:1: 1108 daAuts
     D:2: 1052 daAuts
     D:8: 875 daAuts
     D:5: 781 daAuts
    D:11: 693 daAuts
     D:7: 656 daAuts
 Ossuary: 637 daAuts
  Bailey: 473 daAuts
